 Dungeon Crawl Stone Soup version 0.27-a0-1308-gc08437e49b (webtiles) character file.

Game seed: 10545781737165910037

3962 night the Fighter (level 10, -5/77 (80) HPs)
             Began as a Demonspawn Ice Elementalist on June 18, 2021.
             Was a Follower of Vehumet.
             Slain by Erica (8 damage)
             ... on level 8 of the Dungeon.
             The game lasted 00:20:34 (9640 turns).

night the Fighter (Demonspawn Ice Elementalist)     Turns: 9640, Time: 00:20:35

HP:   -5/77 (80)    AC:  0    Str:  9    XL:     10   Next: 2%
MP:   14/19         EV: 12    Int: 20    God:    Vehumet [*.....]
Gold: 420           SH:  0    Dex: 13    Spells: 14/21 levels left

rFire    . . .     SeeInvis .   r - +1 hand axe (elec)
rCold    . . .     Faith    +   (no shield)
rNeg     . . .     Spirit   .   a - +0 robe
rPois    .         Reflect  .   (helmet restricted)
rElec    .         Harm     .   n - +0 cloak
rCorr    .         Rampage  .   F - +0 pair of gloves
Will     .....                  (no boots)
Stlth    +.........             B - amulet of faith
HPRegen  0.22/turn              p - ring of flight
MPRegen  0.16/turn              (no ring)

@: confused, lethally poisoned (-5 -> -15), corroded, flying, hasted, lightly
drained, very quick
A: claws 2, hooves 1, horns 1, condensation shield
a: Renounce Religion


You were on level 8 of the Dungeon.
You worshipped Vehumet.
Vehumet was aware of your devotion.
You visited 2 branches of the dungeon, and saw 9 of its levels.

You collected 420 gold pieces.

Inventory:

Hand Weapons
 j - a +0 trident
 r - a +1 hand axe of electrocution (weapon)
Missiles
 b - 143 stones
 e - 89 arrows
 k - 25 poisoned darts (quivered)
 l - 5 boomerangs
 o - 45 sling bullets
 q - 173 bolts
 w - 2 javelins
 A - a curare-tipped dart
Armour
 a - a +0 robe (worn)
 n - a +0 cloak (worn)
 F - a +0 pair of gloves (worn)
Jewellery
 p - a ring of flight (left hand)
 B - an amulet of faith (around neck)
 G - the amulet "Ogilasac" {Faith +Blink rC+ Stlth+}
   (You found it on level 8 of the Dungeon)

   [amulet of faith]

   It allows you to gain divine favour quickly.
   It protects you from cold.
   It lets you blink.
   It makes you more stealthy.
Wands
 m - a wand of flame (15)
 z - a wand of polymorph (5)
 E - a wand of acid (15)
Scrolls
 g - 12 scrolls of identify
 h - a scroll of magic mapping
 v - 2 scrolls of teleportation
 x - 2 scrolls of fog
 y - a scroll of fear
Potions
 c - a potion of haste
 d - a potion of degeneration {unknown}
 f - a potion of lignification {unknown}
 i - 4 potions of brilliance
 s - a potion of flight {unknown}
 t - 5 potions of curing {unknown}
 u - a potion of invisibility {unknown}
 C - a potion of heal wounds
 D - a potion of mutation {unknown}
 H - 2 potions of berserk rage {unknown}


   Skills:
 + Level 8.0 Fighting
 - Level 1.7 Dodging
 - Level 1.7 Stealth
 + Level 7.3 Unarmed Combat
 - Level 6.0 Spellcasting
 - Level 6.7 Ice Magic


You had 14 spell levels left.
You knew the following spells:

 Your Spells              Type           Power      Damage    Failure   Level
a - Freeze                Ice            100%       1d11      1%          1
b - Frozen Ramparts       Ice            66%        1d8       1%          3
c - Ozocubu's Armour      Ice            33%        N/A       1%          3

Your spell library contained the following spells:

 Spells                   Type           Power      Damage    Failure   Level
 Foxfire                  Conj/Fire      24%        2x1d5     11%         1
 Hailstorm                Conj/Ice       19%        3d6       26%         4
 Confusing Touch          Hex            6%         N/A       30%         3
 Gell's Gravitas          Tloc           3%         N/A       30%         3
 Metabolic Englaciation   Hex/Ice        9%         N/A       58%         5
 Petrify                  Tmut/Erth      6%         N/A       71%         4
 Yara's Violent Unravell  Hex/Tmut       3%         3d4       96%         5


Dungeon Overview and Level Annotations

Branches:
Dungeon (8/15)             Temple (1/1) D:6
   Lair: D:8-11

Altars:
Ashenzari
Cheibriados
Dithmenos
Elyvilon
Fedhas
Gozag
Hepliaklqana
Makhleb
Nemelex Xobeh
Okawaru
Qazlal
Ru
Sif Muna
Trog
Uskayaw
Vehumet
Wu Jian
Xom
Yredelemnul
Zin
The Shining One
Beogh

Shops:
D:3 [   D:8 *?

Annotations:
D:8 Erica, Harold


Innate Abilities, Weirdness & Mutations

You have very sharp fingernails.
You have large cloven feet.
You have a pair of small horns on your head.
A meltable shield of frost defends you. (SH +4)


Message History

The centaur shoots an arrow.
The arrow barely misses you.
You hear a shout!
The centaur shoots an arrow.
The arrow closely misses you.
Erica screams, "Coming here was suicide!
For you!" Erica casts a spell at you. You resist with significant effort.
The centaur shoots an arrow.
The arrow closely misses you.
Erica zaps a wand.
The bolt of acid hits you! The acid corrodes you!
You are splashed with acid!
Erica gestures at you while chanting.
You are confused.
The centaur shoots an arrow.
Erica zaps a wand.
The bolt of acid hits you!
You are splashed with acid!
The orc wizard casts a spell.
The orc wizard flickers and vanishes!
Harold the Weathered comes into view.
He is wielding a +0 war axe.
Erica gestures at you while chanting.
You are more confused.
The orc wizard misses you.
You bump into the rock wall.
The orc wizard hits you with a +0 dagger of draining.
You feel drained.
You're too confused to move!
Erica mumbles some strange words.
Erica flickers and vanishes!
The orc wizard closely misses you.
You're too confused to move!
You hear some strange, mumbled words.
A bolt of poison appears from out of thin air!
The bolt of poison hits you!!
You are poisoned.
* * * LOW HITPOINT WARNING * * *
The orc wizard hits you with a +0 dagger of draining.
* * * LOW HITPOINT WARNING * * *
You feel drained.
* * * LOW HITPOINT WARNING * * *
It was a potion of haste.
You feel yourself speed up.
* * * LOW HITPOINT WARNING * * *
You feel very sick. Something hits you!
You die...

# ########.##### .# ##
#.....≈≈≈≈≈≈≈# o##
.###..≈≈≈≈.....≈# ..#
..#...≈....⌠.⌠.≈# ..##
........_...∩..≈###...##
#..##.≈....⌠.⌠.≈##.....#.
#.###.≈≈≈≈.....≈#@c.......
#.###....≈≈≈≈≈≈≈{o###.....
...########.####@## .<.#
....## #..# #.# ..#
...........## #<# .#
.######...# #.# . ## ###
#.# ## #.# .# ..# .## .##
..## #


You could see Harold, a centaur and an orc wizard.

Vanquished Creatures
  Prince Ribbit (D:8)
  A hornet (D:8)
  A wyvern (D:8)
  6 yaks
  Eustachio (D:4)
  2 steam dragons (D:7)
  A water moccasin (D:7)
  A hornet zombie (D:7)
  2 sky beasts
  A necrophage (D:6)
  2 ogres
  2 phantoms
  Blork the orc (D:4)
  2 kobold brigands (D:7)
  3 bullfrogs (D:8)
  A scorpion (D:4)
  A water moccasin zombie (D:6)
  3 killer bees (D:6)
  A bullfrog zombie (D:6)
  A centaur zombie (D:7)
  A jelly (D:7)
  An orc priest (D:4)
  2 centaur skeletons
  2 iguanas (D:5)
  8 orc wizards
  A howler monkey zombie (D:8)
  2 gnolls
  7 adders
  2 white imps
  2 worms (D:2)
  2 dart slugs
  18 orcs
  3 endoplasms
  2 giant cockroaches
  2 hobgoblins
  7 jackals
  4 quokkas
  8 ball pythons
  5 bats
  2 frilled lizards
  5 goblins
  15 kobolds
  A kobold skeleton (D:6)
  4 rats
140 creatures vanquished.

Vanquished Creatures (collateral kills)
  A gnoll shaman (D:5)
  3 gnolls (D:5)
4 creatures vanquished.

Vanquished Creatures (others)
  Duvessa (D:5)
  An ogre (D:5)
  A centaur (D:6)
  Dowan (D:5)
  An iguana (D:5)
  A howler monkey zombie (D:7)
  A shadow imp (D:7)
7 creatures vanquished.

Grand Total: 151 creatures vanquished

Notes
Turn   | Place    | Note
-------+----------+-------------------------------------------
     0 | D:1      | night the Demonspawn Ice Elementalist began the quest for
                  | the Orb.
     0 | D:1      | Reached XP level 1. HP: 13/13 MP: 3/3
   142 | D:1      | Gained mutation: You have a pair of small horns on your
                  | head. [demonic ancestry]
   142 | D:1      | Reached XP level 2. HP: 3/19 MP: 0/5
  1009 | D:2      | Reached XP level 3. HP: 22/24 MP: 4/7
  1053 | D:2      | Found a sparkling altar of Nemelex Xobeh.
  1095 | D:2      | Learned a level 3 spell: Frozen Ramparts
  1099 | D:2      | Learned a level 3 spell: Ozocubu's Armour
  1936 | D:2      | Gained mutation: You have large cloven feet. [demonic
                  | ancestry]
  1936 | D:2      | Reached XP level 4. HP: 8/30 MP: 1/8
  2194 | D:3      | Found Gaidyrrib's Antique Armour Shop.
  2354 | D:3      | Found a faded altar of an unknown god.
  2754 | D:3      | Found a sacrificial altar of Ru.
  2756 | D:3      | Found a blossoming altar of Fedhas.
  3013 | D:4      | Noticed Blork the orc
  3022 | D:4      | Killed Blork the orc
  3023 | D:4      | Reached skill level 5 in Ice Magic
  3023 | D:4      | Gained mutation: You have sharp fingernails. [demonic
                  | ancestry]
  3023 | D:4      | Reached XP level 5. HP: 22/35 MP: 1/10
  3365 | D:4      | Reached XP level 6. HP: 20/41 MP: 9/12
  3650 | D:4      | Noticed Eustachio
  3658 | D:4      | Killed Eustachio
  3659 | D:4      | Reached skill level 5 in Spellcasting
  3659 | D:4      | Reached XP level 7. HP: 23/46 MP: 7/14
  4179 | D:5      | Entered Level 5 of the Dungeon
  4187 | D:5      | Killed Dowan
  4188 | D:5      | Killed Duvessa
  4788 | D:5      | Found a radiant altar of Vehumet.
  4789 | D:5      | Found a shadowy altar of Dithmenos.
  5956 | D:6      | Found a staircase to the Ecumenical Temple.
  5964 | Temple   | Entered the Ecumenical Temple
  6209 | D:5      | Became a worshipper of Vehumet
  6255 | D:6      | Reached skill level 1 in Fighting
  6255 | D:6      | Reached skill level 1 in Unarmed Combat
  6255 | D:6      | Gained mutation: You have very sharp fingernails. [demonic
                  | ancestry]
  6255 | D:6      | Reached XP level 8. HP: 54/54 MP: 7/17
  6362 | D:6      | Reached skill level 2 in Fighting
  6618 | D:6      | Found a snail-covered altar of Cheibriados.
  6676 | D:6      | Reached skill level 2 in Unarmed Combat
  6689 | D:6      | Reached skill level 3 in Fighting
  6894 | D:6      | Found a runed translucent door.
  6898 | D:6      | Found a basalt altar of Yredelemnul.
  7026 | D:6      | Found a hide-covered altar of Uskayaw.
  7307 | D:7      | Reached skill level 4 in Fighting
  7438 | D:7      | Reached * piety under Vehumet
  7438 | D:7      | Offered knowledge of Foxfire by Vehumet.
  7439 | D:7      | Reached skill level 5 in Fighting
  7442 | D:7      | Gained mutation: A meltable shield of frost defends you.
                  | (SH +4) [demonic ancestry]
  7442 | D:7      | Reached XP level 9. HP: 52/68 MP: 10/18
  7443 | D:7      | Reached skill level 5 in Unarmed Combat
  7557 | D:8      | Found Hyhu's Magic Scroll Boutique.
  7837 | D:7      | Reached skill level 6 in Fighting
  8113 | D:7      | Found an iron altar of Okawaru.
  8284 | D:7      | Found a stormy altar of Qazlal.
  8761 | D:8      | Reached skill level 7 in Fighting
  8824 | D:8      | Identified the amulet "Ogilasac" {Faith +Blink rC+ Stlth+}
  9347 | D:8      | Noticed Prince Ribbit
  9377 | D:8      | Killed Prince Ribbit
  9378 | D:8      | Reached skill level 8 in Fighting
  9378 | D:8      | Reached XP level 10. HP: 40/80 MP: 11/19
  9601 | D:8      | Found an opulent altar of Gozag.
  9612 | D:8      | Found Gozag's Platinum Reserve.
  9623 | D:8      | Noticed Erica
  9634 | D:8      | Noticed Harold
  9639 | D:8      | HP: 10/78 [something/bolt of poison (21)]
  9640 | D:8      | HP: 3/77 [poisoned by Erica (bolt of poison)]
  9640 | D:8      | Slain by Erica

Illustrated notes

Levels and vault maps discovered:
D:1:      tarquinn_simple_flora_water_e, layout_rooms, solitary_fountain
D:2:      layout_loops_ring, basic_altar, minmay_tetromino_s2
D:3:      layout_basic, grunt_temple_overflow_open, serial_shops, shop,
          hellmonk_ecumenical_altar_defaced_shrine
D:4:      layout_basic, uniq_eustachio, uniq_blork_the_orc
D:5:      layout_basic, chequers_temple_overflow_statue_of_worship,
          lemuel_flamethrower_2, uniq_duvessa
D:6:      layout_loops_cross, zin_statuary, lemuel_crystal_altar,
          overflow_temple_1_default, dk_yredelemnul_ordeal,
          minmay_temple_entry_mini_moons
D:7:      layout_loops_ring, elyvilon_altar_3, lemuel_round_altar,
          grunt_qazlal_clouds, dk_vineyard_1
D:8:      layout_layer_cave, nicolae_gozag_zags_fifth_avenue, serial_shops,
          nicolae_stop_n_shop_1, uniq_harold, uniq_prince_ribbit1, uniq_erica
Temple:   grunt_temple_mini_profane

Skill      XL: |  1  2  3  4  5  6  7  8  9 |
---------------+----------------------------+-----
Ice Magic      | 4 5 6 |  6.7
Spellcasting   | 3 4 5 6 |  6.0
Fighting       | 1 5 8 |  8.0
Unarmed Combat | 1 4 7 |  7.3
Dodging        | |  1.7
Stealth        | |  1.7

Action                   |  1- 3 |  4- 6 |  7- 9 | 10-12 || total
-------------------------+-------+-------+-------+-------++-------
Melee: Unarmed           |    11 |       |       |       ||    11
       Trident           |     9 |    12 |       |       ||    21
       Headbutt          |     3 |     6 |    17 |       ||    26
       Hand axe          |       |    35 |   118 |       ||   153
       Kick              |       |     6 |    22 |       ||    28
       Punch             |       |       |     1 |       ||     1
Throw: Dart              |       |       |    17 |       ||    17
 Cast: Freeze            |    39 |    13 |    33 |     1 ||    86
       Frozen Ramparts   |     8 |    16 |    27 |     1 ||    52
       Ozocubu's Armour  |       |     1 |    10 |     1 ||    12
  Use: Scroll            |       |     5 |     5 |       ||    10
       Potion            |       |       |       |     1 ||     1
 Stab: Sleeping          |     2 |     1 |     2 |       ||     5
Armor: Robe              |    11 |    12 |    48 |     1 ||    72
Dodge: Dodged            |    17 |    42 |   100 |     7 ||   166
Block: Other             |       |       |    13 |     1 ||    14

Table legend: (Time is in decaauts)
 A = Elapsed time spent in this place.
 B = Non-inter-level travel time spent in this place.
 C = Inter-level travel time spent in this place.
 D = Time resting spent in this place.
 E = Time spent auto-exploring this place.
 F = Levels seen in this place.
 G = Mean time per level.
                   A        B        C        D        E       F      G
               +--------+--------+--------+--------+--------+-----+--------+
         Total |   9693 |   9419 |    274 |   1819 |   6340 |   9 | 1077.0 |
       Dungeon |   9474 |   9238 |    236 |   1819 |   6160 |   8 | 1184.2 |
        Temple |    218 |    180 |     38 |      0 |    180 |   1 |  218.0 |
               +--------+--------+--------+--------+--------+-----+--------+

Top non-repeatable levels by time:
     D:5: 1689 daAuts
     D:8: 1312 daAuts
     D:4: 1226 daAuts
     D:6: 1211 daAuts
     D:2: 1164 daAuts
     D:7: 1064 daAuts
     D:1: 968 daAuts
     D:3: 837 daAuts
  Temple: 218 daAuts
